 Dungeon Crawl Stone Soup version 0.17-a0-2171-ga91b4ec (webtiles) character file.

1166342 wvc the Petrodigitator (level 27, -4/182 HPs)
             Began as a Gargoyle Monk on Oct 24, 2015.
             Was the Champion of Cheibriados.
             Slain by Antaeus
             ... wielding the +5 quick blade "Gimble" {pierce, Dex-3}
              (7 damage)
             ... on level 7 of Cocytus on Oct 25, 2015.
             The game lasted 04:41:50 (76621 turns).

wvc the Petrodigitator (Gargoyle Monk)             Turns: 76621, Time: 04:41:50

Health: -4/182     AC: 59    Str: 47      XL:     27
Magic:  0/50       EV: 35    Int: 42 (43) God:    Cheibriados [******]
Gold:   7203       SH: 21    Dex: 32 (33) Spells: 10 memorised, 15 levels left

rFire  + + +     SeeInvis +     b - +9 sacred scourge (holy)
rCold  + + .     Clarity  .     C - +8 pearl dragon armour
rNeg   + + +     SustAt   .     F - +2 shield of Resistance {rF+ rC+ MR+}
rPois  ∞         Gourm    .     P - +2 hat of the Bear Spirit {Spirit, +Rage rN+ MR++}
rElec  +         Spirit   +     z - +2 cloak {MR+}
rCorr  .         Warding  .     I - +2 pair of gloves {Dex+3}
rMut   .         Stasis   .     E - +2 pair of boots {Fly}
MR     +++++                    N - amulet of the Failed Coup {rElec rPois rC+ Regen+ Str+8}
Stlth  ++........               g - ring of Wairoul {rF+ MR+ Int+4 Dex+2}
                                Q - ring "Cimyrph" {rElec rF+ Int+4 SInv}

@: mighty, agile, flying, deflect missiles, very slow, almost entirely resistant
to hostile enchantments, unstealthy
A: big wings, horns 1, thin metallic scales 1, clumsy 2, deterioration 1, dopey
1, mutation resistance 1, negative energy resistance 1, regeneration 1, shaggy
fur 1, electricity resistance, strong 1, wild magic 1, unbreathing,
petrification resistance, rot immunity, AC +20
a: Stop Flying, Bend Time, Temporal Distortion, Slouch, Step From Time, Renounce
Religion, Evoke Berserk Rage
}: 12/15 runes: serpentine, barnacled, slimy, silver, iron, bone, abyssal,
demonic, glowing, magical, fiery, dark


You were on level 7 of Cocytus.
You worshipped Cheibriados.
Cheibriados was exalted by your worship.
You were not hungry.

You visited 16 branches of the dungeon, and saw 85 of its levels.
You visited Pandemonium 2 times, and saw 22 of its levels.
You visited the Abyss 2 times.
You visited 1 ziggurat, and saw 15 of its levels.
You also visited: Bailey and Volcano.

You collected 13070 gold pieces.
You spent 5867 gold pieces at shops.

Inventory:

Hand Weapons
 a - a +9 demon whip of protection
 b - a +9 sacred scourge of holy wrath (weapon)
Armour
 o - a quicksilver dragon armour
 z - a +2 cloak of magic resistance (worn)
 C - a +8 pearl dragon armour (worn)
 E - a +2 pair of boots of flying (worn)
 F - the +2 shield of Resistance (worn) {rF+ rC+ MR+}
   (You acquired it on level 2 of the Depths)

   It protects you from fire.
   It protects you from cold.
   It affects your resistance to hostile enchantments.
 I - a +2 pair of gloves of dexterity (worn)
 P - the +2 hat of the Bear Spirit (worn) {Spirit, +Rage rN+ MR++}
   (You bought it in a shop on level 4 of the Snake Pit)

   It protects you from negative energy.
   It affects your resistance to hostile enchantments.
   It lets you go berserk.
Magical Staves
 j - an uncursed staff of wizardry
 W - an uncursed staff of energy
 Y - an uncursed staff of earth
Jewellery
 g - the ring of Wairoul (right hand) {rF+ MR+ Int+4 Dex+2}
   (You took it off an efreet in Pandemonium)

   [ring of protection from fire]

   It affects your intelligence (+4).
   It affects your dexterity (+2).
   It protects you from fire.
   It affects your resistance to hostile enchantments.
 q - an uncursed ring of sustain attributes
 t - an uncursed ring of wizardry
 G - a +6 ring of intelligence
 L - the ring "Doeppeh" {+Blink EV+2 Dex+3}
   (You found it on level 12 of a ziggurat)

   [ring of evasion]

   It affects your evasion (+2).
   It affects your dexterity (+3).
   It lets you blink.
 M - an uncursed amulet of resist mutation
 N - the amulet of the Failed Coup (around neck) {rElec rPois rC+ Regen+ Str+8}
   (You took it off a balrug in Pandemonium)

   [amulet of regeneration]

   It affects your strength (+8).
   It protects you from cold.
   It insulates you from electricity.
   It protects you from poison.
   It increases your rate of regeneration.
 O - the ring "Donubi" {rN++ AC+3, unknown}
   (You took it off Dispater on level 7 of the Iron City of Dis)

   [ring of protection]

   It affects your AC (+3).
   It greatly protects you from negative energy.
 Q - the ring "Cimyrph" (left hand) {rElec rF+ Int+4 SInv}
   (You found it on level 6 of the Pits of Slime)

   [ring of see invisible]

   It affects your intelligence (+4).
   It protects you from fire.
   It insulates you from electricity.
   It lets you see invisible.
Wands
 V - a wand of invisibility (4)
 X - a wand of teleportation (6)
Scrolls
 e - 2 scrolls of silence
 f - 8 scrolls of identify
 h - 17 scrolls of teleportation
 i - 30 scrolls of remove curse
 l - 11 scrolls of amnesia
 n - a scroll of magic mapping
 u - 3 scrolls of fear
 w - 3 scrolls of summoning
 x - a scroll of immolation
 y - 3 scrolls of holy word
 B - 11 scrolls of blinking
 U - 8 scrolls of fog
 Z - 17 scrolls of recharging
Potions
 c - 9 potions of agility
 k - 13 potions of brilliance
 m - 6 potions of invisibility
 p - 9 potions of resistance
 r - 24 potions of curing
 s - 15 potions of heal wounds
 v - 7 potions of might
 K - 3 potions of magic
 S - 9 potions of cure mutation
Miscellaneous
 A - a plain deck of defence {the Tomb}
 D - a phantom mirror
 H - an ornate deck of wonders {Focus}
 R - a phial of floods
Comestibles
 d - 22 meat rations
 J - 32 bread rations


   Skills:
 - Level 21.0 Fighting
 - Level 14.3 Maces & Flails
 - Level 11.8 Armour
 - Level 15.5 Dodging
 - Level 2.1 Stealth
 - Level 15.5 Shields
 - Level 4.0 Unarmed Combat
 - Level 23.0 Spellcasting
 - Level 9.6 Conjurations
 - Level 7.4 Charms
 - Level 6.1 Summonings
 - Level 22.7 Necromancy
 - Level 20.0 Translocations
 + Level 6.9 Transmutations
 O Level 27 Earth Magic
 - Level 9.0 Invocations
 - Level 1.0 Evocations


You had 15 spell levels left.
You knew the following spells:

 Your Spells              Type           Power        Failure   Level  Hunger
a - Necromutation         Trmt/Necr      ########..   22%         8    None
b - Regeneration          Chrm/Necr      ########..   1%          3    None
c - Control Undead        Necr           #########.   1%          4    None
d - Phase Shift           Tloc           ########..   1%          5    None
e - Shatter               Erth           #########.   5%          9    ##.....
f - Lehudib's Crystal Sp  Conj/Erth      ########..   5%          8    None
g - Apportation           Tloc           ########..   1%          1    None
i - Deflect Missiles      Chrm/Air       #######...   38%         6    None
j - Controlled Blink      Tloc           N/A          4%          8    None
k - Aura of Abjuration    Summ           #######...   4%          5    None


Dungeon Overview and Level Annotations

Branches:
Dungeon (15/15)            Temple (1/1) D:5            Lair (8/8) D:10
 Shoals (4/4) Lair:4        Snake (4/4) Lair:6        Slime (6/6) Lair:8
    Orc (4/4) D:9             Elf (3/3) Orc:3        Vaults (5/5) D:13
  Crypt (3/3) Vaults:3       Tomb (0/3) Crypt:3      Depths (5/5) D:15
   Hell (1/1)                 Dis (7/7) Hell            Coc (7/7) Hell
    Tar (7/7) Hell            Zot (5/5) Depths:5
    Geh: Hell:1

Altars:
Ashenzari
Cheibriados
Dithmenos
Elyvilon
Fedhas
Gozag
Kikubaaqudgha
Makhleb
Nemelex Xobeh
Okawaru
Qazlal
Ru
Sif Muna
Trog
Vehumet
Xom
Yredelemnul
Zin
The Shining One
Beogh
Jiyva

Shops:
D:5 [   D:9 (   Orc:4 :(*:[   Elf:3 :   Snake:4 [   Vaults:1 !   Vaults:3 !
Vaults:4 !

Portals:
Hell: Depths:1 Depths:2 Depths:3 Depths:4 Depths:5
Abyss: Depths:2 Depths:4 Depths:5
Pandemonium: Depths:1 Depths:2 Depths:3
Ziggurat: Depths:3

Annotations:
D:8 exclusion: oklob plant
Lair:1 exclusion: oklob plant
Snake:3 exclusion: Roxanne, Roxanne
Elf:2 5 runed doors
Depths:3 2 runed doors
Depths:5 exclusions: draconian caller, 2 draconian zealots and 1 more exclusion
Coc:7 Antaeus


Innate Abilities, Weirdness & Mutations

You are resistant to torment.
Your stone body is resilient (AC +20).
You are immune to poison.
Your large and strong wings let you fly indefinitely.
You resist negative energy.
You are resistant to electric shocks.
You can survive without breathing.
You are immune to petrification.
You are immune to rotting.
You have a pair of small horns on your head.
You are partially covered in thin metallic scales (AC +2).
You are very clumsy. (Dex -4)
Your body sometimes deteriorates upon taking damage.
You are dopey. (Int -2)
You are somewhat resistant to further mutation.
Your natural rate of healing is unusually fast.
You are covered in fur (AC +1).
Your muscles are strong. (Str +2)
Your spells are a little harder to cast, but a little more powerful.


Message History

Freezing gases pour from your hands!
An ice devil and a zombie come into view.
You thrash Antaeus!!
Antaeus convulses!!
You headbutt Antaeus, but do no damage.
Antaeus is heavily wounded.
You are engulfed in freezing vapours.
You resist.
You hit Antaeus but do no damage. You headbutt Antaeus.
Antaeus is heavily wounded.
You are engulfed in freezing vapours.
You resist.
Antaeus is engulfed in freezing vapours.
Antaeus hits you with the +5 quick blade "Gyre" {pierce, Dex-3}!!
* * * LOW HITPOINT WARNING * * *
Your body deteriorates!
You feel clumsy. Antaeus freezes you!! You resist.
* * * LOW HITPOINT WARNING * * *
x2 Antaeus hits you with the +5 quick blade "Gimble" {pierce, Dex-3}!!
* * * LOW HITPOINT WARNING * * *
Antaeus freezes you! You resist.
* * * LOW HITPOINT WARNING * * *
You die...

≈≈≈≈#≈≈≈≈..≈≈##≈≈.....,,,,,,≈≈≈**
≈≈≈≈#≈≈≈≈.≈≈##≈≈....#*#**,,,,≈≈**
≈≈≈≈#≈≈≈≈.≈≈.#≈....##),,**,,,≈≈**
.≈≈≈.≈≈≈≈≈≈≈##≈.......,,,*,,,,≈**
..≈≈.≈≈≈≈≈≈≈##≈....#,,,,,*,,,,≈**
..≈≈≈≈≈≈..≈≈#.≈....#,,,,,*,,,,≈**
..≈≈≈≈≈≈..≈≈÷#≈....##,,,**,,,,≈**
...≈≈≈≈≈..≈÷.#≈3§§..##'#*,,,,,≈**
...≈≈≈≈..≈≈#.#≈§@CD.....,,,,,≈≈**
....≈....≈≈#.#≈§§.......,,,,≈≈≈**
≈.∩...∩.≈≈≈##.≈≈≈≈Z.....,,,≈≈≈≈**
≈.......≈≈≈###≈≈≈≈≈≈....,,≈≈≈≈≈**
≈≈≈.∩.≈≈≈≈≈# #≈≈≈≈≈≈≈...≈≈≈≈≈≈≈**
≈≈≈≈≈≈≈≈≈≈## #≈≈≈≈≈≈≈≈≈≈≈≈≈≈≈≈≈**
≈≈≈≈≈≈≈≈≈≈# ##≈≈≈≈≈≈≈≈≈≈≈≈≈≈≈≈**
≈≈≈≈≈≈≈≈≈## ##≈≈≈≈≈≈≈≈≈≈≈≈≈≈≈**
########## ******************


You could see Antaeus, an ice dragon, an ice devil and a quicksilver dragon
zombie.

Vanquished Creatures
  Cerebov (Pan)
  the royal jelly (Slime:6)
  Ereshkigal (Tar:7)
  Gloorx Vloq (Pan)
  the Serpent of Hell (Dis:7)
  A seraph (Pan)
  Mnoleg (Pan)
  Lom Lobon (Pan)
  Dispater (Dis:7)
  3 ancient liches (Zig:15)
  The ghost of zkyp the Cloud Mage, a master DsMo of Cheibriados (Zig:11)
  Mennas (Pan)
  6 pandemonium lords
  Sojobo (Depths:1)
  7 shard shrikes
  Geryon (Hell)
  5 golden dragons
  3 profane servitors
  Xtahua (Crypt:3)
  2 pearl dragons (Pan)
  7 bone dragons
  6 Brimstone Fiends
  Jorgrun (Shoals:3)
  9 Ice Fiends
  11 liches
  8 tentacled monstrosities
  16 Hell Sentinels
  4 titans
  A quicksilver dragon (Vaults:5)
  5 deep elf master archers
  5 deep elf blademasters
  13 Executioners
  An eldritch tentacle (Dis:1)
  13 Shadow Fiends
  6 tentacled starspawn
  15 acid blobs
  7 shadow dragons
  10 tengu reavers
  5 sphinxes
  23 ancient champions
  7 storm dragons
  Ilsuiw (Shoals:4)
  21 daevas (Pan)
  11 frost giants
  Wiglaf (Vaults:4)
  6 revenants
  9 greater nagas
  16 azure jellies
  Donald (Snake:3)
  8 chaos champions
  8 iron dragons
  4 black suns (Pan)
  12 vault wardens
  2 ghost moths
  Aizul (Snake:4)
  8 deep elf sorcerers
  35 balrugs
  An emperor scorpion (Zig:2)
  11 curse skulls
  10 fire giants
  7 warmongers (Pan)
  50 angels (Pan)
  A draconian shifter (Zot:2)
  4 orc warlords
  20 ironheart preservers
  6 ghouls
  22 stone giants
  18 ophanim
  37 cacodemons
  4 draconian annihilators
  4 war gargoyles
  3 spriggan defenders (Depths:4)
  An elemental wellspring (Coc:5)
  40 apis (Pan)
  37 reapers
  A juggernaut skeleton (Zig:7)
  8 vampire knights
  A green draconian (Zot:2)
  2 black draconians
  14 deep elf demonologists
  2 salamander firebrands (Hell)
  6 lorocyprocas (Pan)
  21 very ugly things
  2 white draconians
  12 deep elf annihilators
  A purple draconian (Zot:5)
  5 blood saints
  A mottled draconian (Depths:5)
  2 salamander stormcallers (Vaults:5)
  5 corrupters (Pan)
  The ghost of PeterLawrence the Fighter, a journeyman MiFi of Okawaru (Orc:4)
  2 yellow draconians (Depths:5)
  16 green deaths (Pan)
  9 ettins
  A crystal guardian (Vaults:3)
  3 merfolk javelineers
  13 blizzard demons
  40 large abominations
  14 jiangshi
  10 eidola
  3 mummy priests (Zig:7)
  40 vault guards
  8 deep elf death magi
  7 rakshasas
  3 quicksilver dragon zombies
  4 merfolk impalers
  5 fire dragons
  An ice dragon (shapeshifter) (Vaults:5)
  15 great orbs of eyes
  5 hydras
  A kraken zombie (Coc:1)
  8 death oozes
  18 yaktaur captains
  15 naga warriors
  A hydra (shapeshifter) (Vaults:1)
  6 deep elf high priests
  Erolcha (D:11)
  20 ice dragons
  3 entropy weavers
  A ghost crab (Tar:1)
  7 monstrous demonspawn (Pan)
  2 quicksilver dragon skeletons
  5 merfolk avatars
  5 hell beasts
  The ghost of brucemayne the Severer, a journeyman DsBe of Trog (Volcano)
  Erica (D:8)
  A satyr (Shoals:3)
  5 death knights
  14 centaur warriors
  11 anacondas
  A catoblepas (shapeshifter) (Vaults:5)
  3 catoblepae
  6 dancing weapons
  5 merfolk aquamancers
  17 ogre magi
  15 small abominations
  8 death yaks
  15 vampire magi
  11 deep troll shamans
  6 thrashing horrors
  3 hell hogs (Dis:3)
  4 spriggan berserkers (Depths:4)
  4 tengu warriors
  3 titan zombies
  23 soul eaters
  Urug (D:12)
  52 sun demons
  17 deep elf knights
  A shock serpent (shapeshifter) (Vaults:5)
  13 deep troll earth magi
  15 shock serpents
  17 hell knights
  A fire crab (shapeshifter) (Vaults:5)
  2 storm dragon zombies
  4 orc high priests
  19 naga sharpshooters
  2 fire crabs
  A titan skeleton (Crypt:3)
  4 wretched stars
  2 iron golems (Hell)
  125 skeletal warriors
  10 shadow wraiths
  3 storm dragon skeletons
  An unseen horror (shapeshifter) (Depths:1)
  2 spatial maelstroms (Abyss:1)
  14 iron trolls
  3 golden dragon zombies
  5 infernal demonspawn (Pan)
  6 anaconda zombies
  3 ball lightnings (Pan)
  5 giant orange brains
  39 deep trolls
  2 death drakes (Abyss:1)
  15 deep elf summoners
  15 sea snakes
  22 cherubim (Pan)
  4 gelid demonspawn (Pan)
  10 flayed ghosts
  30 ice devils
  2 ghost moth zombies
  11 putrid demonspawn (Pan)
  3 torturous demonspawn (Pan)
  8 shadow demons
  3 unseen horrors
  4 hill giants
  3 ice statues
  4 shadow dragon zombies
  14 naga ritualists
  An anubis guard (Zig:7)
  A wolf spider zombie (D:13)
  22 deep elf conjurers
  8 necromancers
  6 wolf spiders
  3 iron dragon zombies
  27 orc knights
  2 anaconda skeletons
  13 harpies
  6 fauns
  20 ironbrand convokers
  4 shadow dragon skeletons
  5 oklob plants (Zig:10)
  10 phantasmal warriors
  4 hornets
  5 stone giant zombies
  9 wizards
  4 shining eyes
  34 sixfirhies
  3 frost giant zombies
  11 orc sorcerers
  3 fire giant zombies
  57 ugly things
  A guardian serpent (shapeshifter) (Zig:14)
  2 cyclopes (shapeshifter)
  A shock serpent zombie (Crypt:3)
  13 manticores
  15 mana vipers
  5 moths of wrath
  15 water nymphs
  14 griffons
  23 rust devils
  4 cyclopes
  2 apocalypse crabs (Abyss:1)
  51 black mambas
  13 sirens
  4 salamanders
  5 fire giant skeletons
  Maurice (D:13)
  3 worldbinders
  3 stone giant skeletons
  11 elephants
  A griffon (shapeshifter) (Vaults:1)
  7 guardian serpents
  4 iron dragon skeletons
  A molten gargoyle (Hell)
  22 vault sentinels
  14 spiny frogs
  2 dire elephant zombies
  21 naga magi
  38 smoke demons
  A frost giant skeleton (Coc:2)
  4 gargoyles
  2 storm dragon simulacra
  A spiny frog (shapeshifter) (D:13)
  36 orange demons
  A salamander skeleton (Vaults:1)
  2 shock serpent skeletons
  A dire elephant skeleton (Tar:2)
  A mottled draconian zombie (Dis:1)
  64 yaktaurs
  A fire drake (Lair:8)
  25 hellwings
  2 demonic crawlers
  2 catoblepas zombies
  A fire drake (shapeshifter) (Vaults:3)
  14 hellions
  8 catoblepas skeletons
  A tengu conjurer (D:15)
  2 anaconda simulacra
  5 kobold demonologists
  9 komodo dragons
  29 freezing wraiths
  A death yak skeleton (Crypt:3)
  12 efreet
  17 deep elf priests
  A guardian mummy (Zig:7)
  28 tormentors
  A ghost moth simulacrum (Coc:7)
  A redback zombie (D:15)
  6 ancient zymes
  A white draconian skeleton (Crypt:2)
  5 spriggan druids
  2 polar bears (Lair:8)
  12 hydra zombies
  A silent spectre (Tar:6)
  27 two-headed ogres
  27 merfolk
  8 trolls
  43 red devils
  Grinder (D:5)
  A minotaur zombie (Crypt:1)
  38 blue devils
  5 boulder beetles
  5 hydra skeletons
  6 bog bodies (Coc:7)
  A two-headed ogre (shapeshifter) (Vaults:1)
  3 raiju
  2 wind drakes
  A harpy skeleton (Coc:2)
  A raiju (shapeshifter) (Vaults:2)
  A slime creature (shapeshifter) (Depths:2)
  2 alligator zombies
  A boulder beetle (shapeshifter) (Vaults:4)
  A frost giant simulacrum (Crypt:1)
  2 fire dragon zombies
  3 jumping spiders
  2 ettin zombies
  A stone giant simulacrum (Vaults:2)
  A tarantella (shapeshifter) (D:15)
  A minotaur skeleton (Hell)
  A guardian serpent skeleton (Crypt:3)
  3 ice dragon zombies
  A yak (shapeshifter) (Vaults:5)
  30 spriggans
  A trapdoor spider (D:12)
  12 shadows
  A centaur simulacrum (D:15)
  43 flying skulls
  22 water elementals
  14 snapping turtles
  27 starcursed masses
  98 slime creatures
  28 blink frogs
  2 redbacks (shapeshifter)
  17 ynoxinuls
  A hog (D:4)
  15 chaos spawn
  2 alligator skeletons
  A fire elemental (Lair:8)
  3 tarantellas
  An ettin skeleton (Coc:7)
  2 fire dragon skeletons
  3 ice dragon skeletons
  16 vampires
  A human (D:7)
  14 redbacks
  45 deep elf magi
  14 basilisks
  41 yaks
  7 hungry ghosts
  47 deep elf fighters
  Eustachio (D:5)
  2 fire bats (Lair:8)
  19 golden eyes
  17 wraiths
  3 mottled dragons
  26 neqoxecs
  A yaktaur simulacrum (Vaults:1)
  2 harpy simulacra (Elf:1)
  17 hippogriffs
  A warg (shapeshifter) (Vaults:5)
  A merfolk zombie (Coc:7)
  10 wargs
  19 vampire mosquitoes
  5 spatial vortices
  A wind drake skeleton (Crypt:1)
  31 wolves (Lair:8)
  An infernal demonspawn zombie (Crypt:3)
  53 nagas
  70 hell hounds
  6 spiny frog zombies
  16 water moccasins
  3 hydra simulacra
  An infernal demonspawn skeleton (Crypt:3)
  A deep troll skeleton (Vaults:3)
  A torturous demonspawn skeleton (Crypt:2)
  A sky beast (D:7)
  A merfolk skeleton (Hell)
  2 spiny frog skeletons
  18 porcupines
  82 orc warriors
  A swamp dragon zombie (Crypt:1)
  A snapping turtle zombie (Coc:3)
  8 spiders (Snake:4)
  3 eyes of draining
  16 necrophages
  8 wasps
  3 black bears
  A fire dragon simulacrum (Elf:1)
  16 boggarts
  2 black mamba simulacra (Elf:1)
  64 ogres
  15 ice beasts
  A spriggan simulacrum (Zig:5)
  20 crocodiles
  A swamp dragon skeleton (Coc:2)
  A tengu (shapeshifter) (Vaults:5)
  6 human skeletons
  36 centaurs
  7 phantoms
  2 snapping turtle skeletons
  2 big kobolds
  2 brain worms
  18 giant frogs
  A wyvern zombie (D:13)
  2 earth elementals (Abyss:3)
  3 spiny frog simulacra
  A komodo dragon skeleton (Crypt:2)
  3 scorpions
  A wyvern skeleton (D:8)
  45 wights
  A boulder beetle zombie (Crypt:1)
  A human simulacrum (Vaults:3)
  An orc simulacrum (Vaults:2)
  17 killer bees
  2 spriggan zombies
  A raiju skeleton (Crypt:2)
  A hippogriff skeleton (Crypt:3)
  10 electric eels
  3 elephant simulacra (Elf:1)
  21 crimson imps
  8 hounds
  A quasit (Depths:2)
  5 centaur zombies
  4 giant frog skeletons
  7 centaur skeletons
  40 jellies
  12 worker ants
  41 orc priests
  36 orc wizards
  11 iguanas
  17 iron imps
  A lightning spire (Zig:9)
  13 sheep
  A killer bee zombie (D:9)
  A porcupine skeleton (Crypt:3)
  A naga zombie (Dis:7)
  A felid skeleton (Crypt:2)
  An ogre skeleton (Crypt:3)
  2 hound skeletons
  14 mummies
  17 adders
  2 worker ant zombies
  9 gnolls
  11 shadow imps
  53 river rats
  13 white imps
  13 oozes
  An ufetubus (Abyss:1)
  An adder skeleton (D:7)
  An adder zombie (D:8)
  An iguana skeleton (Crypt:1)
  A lava snake zombie (Crypt:3)
  7 worms
  8 giant geckos
  189 orcs
  A ball python (D:4)
  7 bats
  10 goblins
  9 hobgoblins
  9 jackals
  29 kobolds
  5 quokkas
  7 giant cockroaches
  2 giant gecko skeletons
  A giant gecko zombie (D:5)
  9 giant newts
  A giant newt zombie (Crypt:1)
  A gnoll skeleton (Crypt:2)
  A hobgoblin zombie (Crypt:3)
  A jackal skeleton (Crypt:2)
  An orc zombie (Dis:1)
  A quokka zombie (D:5)
  4 rats
  5 crawling corpses
  2 fungi
  4 plants (Zig:10)
  6 starspawn tentacles
  A tentacle (Coc:1)
4655 creatures vanquished.

Vanquished Creatures (others)
  Nikola (Vaults:3)
  An Ice Fiend (Zig:11)
  2 eldritch tentacles
  A fire giant (Depths:2)
  2 elemental wellsprings
  A deep elf high priest (Depths:5)
  A small abomination (Elf:3)
  A thrashing horror (Abyss:3)
  A sun demon (Pan)
  44 ball lightnings (Pan)
  2 wizards (Pan)
  A putrid demonspawn (Pan)
  A deep elf conjurer (D:13)
  2 smoke demons (Pan)
  An orange demon (Pan)
  A sixfirhy (Pan)
  A black mamba (Snake:3)
  2 hellwings (Pan)
  A two-headed ogre (Depths:2)
  An ancient zyme (Zig:14)
  A bog body (Coc:7)
  A vampire (Coc:5)
  A ynoxinul (Depths:3)
  A water elemental (Coc:7)
  2 deep elf fighters
  A golden eye (Abyss:3)
  An ogre (Vaults:3)
  A boggart (Vaults:1)
  A killer bee (D:13)
  An orc priest (Orc:4)
  A white imp (Coc:7)
  65 bushes (Depths:4)
  2 crawling corpses (Depths:5)
  218 eldritch tentacle segments
  14 fungi
  4 lost souls
  38 plants
  13 starspawn tentacles
  96 starspawn tentacle segments
  5 tentacles (Coc:1)
  243 tentacle segments (Coc:1)
778 creatures vanquished.

Grand Total: 5433 creatures vanquished

Notes
Turn   | Place    | Note
--------------------------------------------------------------
     0 | D:1      | wvc the Gargoyle Monk began the quest for the Orb.
     0 | D:1      | Reached XP level 1. HP: 14/14 MP: 1/1
    74 | D:1      | Reached skill level 1 in Maces & Flails
   154 | D:1      | Reached XP level 2. HP: 19/19 MP: 2/2
   293 | D:1      | Reached skill level 1 in Armour
   949 | D:2      | Reached XP level 3. HP: 20/23 MP: 3/3
  1207 | D:2      | Found a basalt altar of Yredelemnul.
  1220 | D:2      | Reached XP level 4. HP: 24/28 MP: 4/4
  1268 | D:2      | Found a shattered altar of Ashenzari.
  2188 | D:3      | Reached XP level 5. HP: 32/32 MP: 5/5
  2924 | D:4      | Found a bloodstained altar of Trog.
  2997 | D:4      | Reached skill level 5 in Maces & Flails
  3003 | D:4      | Reached XP level 6. HP: 12/37 MP: 6/6
  3549 | D:4      | Noticed an ogre
  3560 | D:4      | Noticed a naga
  3560 | D:4      | an ogre changed into a naga
  3728 | D:4      | Noticed a hog
  3728 | D:4      | a naga changed into a hog
  3744 | D:4      | Killed a hog
  3744 | D:4      | Reached skill level 6 in Maces & Flails
  3744 | D:4      | Reached XP level 7. HP: 13/41 MP: 7/7
  4030 | D:5      | Entered Level 5 of the Dungeon
  4043 | D:5      | Found an ancient bone altar of Kikubaaqudgha.
  4053 | D:5      | Noticed Eustachio
  4092 | D:5      | Killed Eustachio
  4092 | D:5      | Reached skill level 7 in Maces & Flails
  4186 | D:5      | Found a staircase to the Ecumenical Temple.
  4224 | Temple   | Entered the Ecumenical Temple
  4331 | Temple   | Became a worshipper of Cheibriados the Contemplative
  4331 | Temple   | Reached * piety under Cheibriados
  4331 | Temple   | Reached ** piety under Cheibriados
  4357 | D:5      | Noticed Grinder
  4361 | D:5      | Paralysed by Grinder for 6 turns
  4370 | D:5      | Killed Grinder
  4370 | D:5      | Reached skill level 8 in Maces & Flails
  4370 | D:5      | Reached XP level 8. HP: 37/46 MP: 8/8
  4488 | D:5      | Found Xomna's Antique Armour Shop.
  4529 | D:5      | Bought a twisted scale mail for 216 gold pieces
  4539 | D:5      | Identified the cursed +1 scale mail "Boshivet" {rElec rF+ rC+ rN+} (You bought it in a shop on level 5 of the Dungeon)
  4703 | D:6      | Reached skill level 9 in Maces & Flails
  4918 | D:6      | Reached skill level 10 in Maces & Flails
  5023 | D:6      | Reached skill level 1 in Evocations
  5023 | D:6      | Reached XP level 9. HP: 41/51 MP: 9/9
  5057 | D:6      | Reached *** piety under Cheibriados
  5331 | D:6      | Reached skill level 11 in Maces & Flails
  5755 | D:7      | Reached skill level 12 in Maces & Flails
  5763 | D:7      | Reached **** piety under Cheibriados
  6299 | D:7      | Reached skill level 13 in Maces & Flails
  6299 | D:7      | Reached XP level 10. HP: 52/56 MP: 10/10
  6549 | D:8      | Reached ***** piety under Cheibriados
  6867 | D:8      | Noticed an oklob plant
  7004 | D:8      | Noticed Erica
  7015 | D:8      | Killed Erica
  7015 | D:8      | Reached skill level 14 in Maces & Flails
  7035 | D:8      | Found a sparkling altar of Nemelex Xobeh.
  7423 | D:9      | Found Fodd's Weapon Shoppe.
  7440 | D:9      | Reached skill level 1 in Invocations
  7447 | D:9      | Gained mutation: You possess an exceptional clarity of mind. [potion of beneficial mutation]
  7448 | D:9      | Gained mutation: Your flesh is cold resistant. [potion of beneficial mutation]
  7481 | D:9      | Found a flagged portal.
  7505 | Bailey   | Entered a bailey
  7585 | Bailey   | Reached ****** piety under Cheibriados
  8189 | D:9      | Found a staircase to the Orcish Mines.
  8237 | D:9      | Reached XP level 11. HP: 48/62 MP: 13/13
  8276 | D:9      | Found an opulent altar of Gozag.
  8370 | D:9      | Found a burning altar of Makhleb.
  8576 | D:10     | Entered Level 10 of the Dungeon
  8613 | D:10     | Reached skill level 5 in Fighting
  8642 | D:10     | Found a staircase to the Lair.
  8675 | D:10     | Reached skill level 5 in Armour
  8989 | D:10     | Got a pair of polished gloves
  8995 | D:10     | Identified the cursed +0 pair of gloves of Bumpar {rPois MR- Int+5 Dex+2} (You found it on level 10 of the Dungeon)
  9676 | D:10     | Identified a scroll of acquirement
  9996 | Lair:1   | Entered Level 1 of the Lair of Beasts
 10015 | Lair:1   | Reached skill level 5 in Invocations
 10290 | Lair:1   | Reached skill level 5 in Dodging
 10443 | Lair:1   | Reached XP level 12. HP: 56/72 MP: 16/16
 10576 | Lair:1   | Learned a level 3 spell: Mephitic Cloud
 10954 | Lair:2   | Found a dark tunnel.
 10963 | Volcano  | Entered a volcano
 10998 | Volcano  | Noticed brucemayne's ghost (journeyman DsBe)
 11013 | Volcano  | Killed brucemayne's ghost
 12113 | Lair:3   | Gained mutation: You are covered in fur (AC +1). [potion of beneficial mutation]
 12150 | Lair:3   | Reached skill level 1 in Shields
 12949 | Lair:4   | Learned a level 3 spell: Regeneration
 12954 | Lair:4   | Learned a level 4 spell: Control Undead
 12994 | Lair:4   | Noticed a five-headed hydra
 13004 | Lair:4   | Killed a five-headed hydra
 13004 | Lair:4   | Reached XP level 13. HP: 52/80 MP: 18/18
 13034 | Lair:4   | Found a staircase to the Shoals.
 13221 | Lair:4   | Reached skill level 10 in Fighting
 13247 | Lair:4   | Reached skill level 5 in Shields
 13341 | Lair:4   | Noticed an eight-headed hydra
 13348 | Lair:4   | Killed an eight-headed hydra
 14709 | Lair:6   | Found a staircase to the Snake Pit.
 15709 | Lair:7   | Gained mutation: Your large and strong wings let you fly indefinitely. [Gargoyle growth]
 15709 | Lair:7   | Reached XP level 14. HP: 90/90 MP: 20/20
 15925 | Lair:7   | Reached skill level 10 in Shields
 16216 | Lair:8   | Entered Level 8 of the Lair of Beasts
 16623 | Lair:8   | Got a smoking scale mail
 16634 | Lair:8   | Identified the +7 scale mail of Creativity {Stlth+} (You found it on level 8 of the Lair of Beasts)
 16803 | Lair:8   | Found a staircase to the Slime Pits.
 16804 | Lair:8   | Found a viscous altar of Jiyva.
 17322 | Lair:8   | Found a burning altar of Makhleb.
 17732 | Orc:1    | Entered Level 1 of the Orcish Mines
 17932 | D:5      | Bought a pair of glowing boots for 108 gold pieces
 19158 | Orc:4    | Entered Level 4 of the Orcish Mines
 19158 | Orc:4    | Found Jaut's Book Emporium.
 19175 | Orc:4    | Reached XP level 15. HP: 90/97 MP: 21/21
 19464 | Orc:4    | Noticed PeterLawrence's ghost (journeyman MiFi)
 19470 | Orc:4    | Noticed an orc warlord
 19497 | Orc:3    | Killed an orc warlord
 19832 | Orc:4    | Killed PeterLawrence's ghost
 19845 | Orc:4    | Noticed an orc warlord
 19971 | Orc:4    | Killed an orc warlord
 20069 | Orc:4    | Reached skill level 15 in Shields
 20107 | Orc:4    | Found Oha Qerr's General Store.
 20119 | Orc:4    | Bought a scroll of identify for 32 gold pieces
 20119 | Orc:4    | Bought a potion of agility for 64 gold pieces
 20119 | Orc:4    | Bought a scroll of brand weapon for 320 gold pieces
 20165 | Orc:4    | Found Cofoir's Antique Armour Shop.
 20204 | Orc:4    | Bought a spiked chain mail for 313 gold pieces
 20214 | Orc:4    | Identified the +4 chain mail of Xiapeup {rElec Str+3 Dex-2 Stlth+} (You bought it in a shop on level 4 of the Orcish Mines)
 20301 | Orc:4    | Found Ytek's Antique Weapon Boutique.
 20470 | Orc:4    | Found Rothreyx's Book Emporium.
 20949 | D:11     | Noticed Erolcha
 20960 | D:11     | Killed Erolcha
 21834 | D:12     | Reached skill level 1 in Spellcasting
 21992 | D:12     | Noticed Urug
 22006 | D:12     | Killed Urug
 22352 | D:13     | Found a gate to the Vaults.
 22391 | D:13     | Reached XP level 16. HP: 98/106 MP: 22/22
 22543 | D:13     | Learned a level 5 spell: Phase Shift
 22623 | D:13     | Noticed Maurice
 22630 | D:13     | Killed Maurice
 22984 | D:13     | Upgraded the game from 0.17-a0-2147-gfb20a63 to 0.17-a0-2171-ga91b4ec
 22984 | D:13     | wvc: о, привет
 23185 | D:10     | Goblin1989: хм. У тебя тоже статистика не работает?
 23185 | D:10     | Goblin1989: привет
 23185 | D:10     | wvc: какая? при клике на никнейм всё открывается вроде
 23298 | Snake:1  | Entered Level 1 of the Snake Pit
 23329 | Snake:1  | Goblin1989: так трупов-то новых нет. У меня вот DDFi с 9-ю рунами потерялся
 23386 | Snake:1  | Goblin1989: я со психу нового начал
 23775 | Snake:1  | Reached skill level 15 in Fighting
 24039 | Snake:2  | Found a sacrificial altar of Ru.
 24139 | Snake:2  | Reached skill level 5 in Spellcasting
 24403 | Snake:2  | Reached XP level 17. HP: 113/113 MP: 25/25
 24860 | Snake:3  | Noticed Roxanne
 24982 | Snake:3  | Noticed Donald
 24999 | Snake:3  | Killed Donald
 25086 | Snake:3  | Learned a level 9 spell: Shatter
 25410 | Snake:3  | Reached skill level 1 in Earth Magic
 26037 | Snake:4  | Entered Level 4 of the Snake Pit
 26118 | Snake:4  | Reached skill level 10 in Dodging
 26161 | Snake:4  | Reached skill level 16 in Fighting
 26283 | Snake:4  | Noticed Aizul
 26302 | Snake:4  | Killed Aizul
 26303 | Snake:4  | Found Nugubb's Armour Shoppe.
 26311 | Snake:4  | Bought a +2 pair of gloves of dexterity for 322 gold pieces
 26311 | Snake:4  | Bought the +2 hat of the Bear Spirit {Spirit, +Rage rN+ MR++} for 586 gold pieces
 26311 | Snake:4  | Bought a quicksilver dragon armour for 900 gold pieces
 26349 | Snake:4  | Goblin1989: я бы еще пащ с mR купил
 26361 | Snake:4  | Bought a +0 cloak of magic resistance for 172 gold pieces
 27144 | Snake:4  | Reached XP level 18. HP: 112/122 MP: 25/29
 27200 | Snake:4  | Got a serpentine rune of Zot
 27341 | Snake:4  | Reached skill level 10 in Armour
 27932 | Orc:3    | Found a staircase to the Elven Halls.
 28006 | Orc:3    | Noticed an orc warlord
 28016 | Orc:3    | Killed an orc warlord
 28016 | Orc:3    | Reached skill level 5 in Earth Magic
 28157 | Orc:3    | Found a roughly hewn altar of Beogh.
 28435 | Elf:1    | Entered Level 1 of the Elven Halls
 28540 | Elf:1    | Goblin1989: сделай # пожалуйста
 28671 | Elf:1    | Found a deep blue altar of Sif Muna.
 28798 | Elf:1    | Goblin1989: это квиксильвер дает 4-й mr чтоли?
 28798 | Elf:1    | wvc: ну да
 28798 | Elf:1    | wvc: в одном магазине столько МР
 28801 | Elf:1    | Goblin1989: поняд
 29400 | Elf:1    | Reached skill level 17 in Fighting
 29402 | Elf:1    | Identified the Volume of the Snowflakes (You found it on level 1 of the Elven Halls)
 29414 | Elf:1    | Learned a level 8 spell: Necromutation
 29621 | Elf:2    | Noticed a Hell Sentinel
 29967 | Elf:2    | Found a huge runed gate.
 29967 | Elf:2    | Found a huge runed gate.
 29967 | Elf:2    | Found a huge runed gate.
 29968 | Elf:2    | Found a huge runed gate.
 29975 | Elf:2    | Found a huge runed gate.
 30061 | Elf:2    | Learned a level 8 spell: Lehudib's Crystal Spear
 30264 | Elf:3    | Entered Level 3 of the Elven Halls
 30438 | Elf:3    | Goblin1989: евнингстар искать не будешь?
 30457 | Elf:3    | wvc: зачем?
 30457 | Elf:3    | Goblin1989: та хз
 30457 | Elf:3    | Goblin1989: все гео ищут
 30457 | Elf:3    | Goblin1989: *его
 30457 | Elf:3    | wvc: плётки хватит, потом в холи пане можно сменить на святую плётку
 30460 | Elf:3    | Goblin1989: тоже верно
 30561 | Elf:3    | Noticed an Ice Fiend
 30564 | Elf:3    | Noticed an Ice Fiend
 30564 | Elf:3    | Reached skill level 1 in Conjurations
 30565 | Elf:3    | Reached XP level 19. HP: 85/128 MP: 12/31
 30803 | Elf:3    | Identified the Guide on the Compass and Summoning (You found it on level 3 of the Elven Halls)
 30837 | Elf:3    | Identified Dyduar's Incunabulum of Conjuration
 30907 | Elf:3    | Identified the Almanac of Dark Rituals (You found it on level 3 of the Elven Halls)
 31288 | Elf:3    | Found Resegruz's Book Boutique.
 31759 | Shoals:1 | Entered Level 1 of the Shoals
 31800 | Shoals:1 | Reached skill level 18 in Fighting
 32799 | Shoals:2 | Learned a level 1 spell: Apportation
 33264 | Shoals:3 | Noticed Jorgrun
 33275 | Shoals:3 | Killed Jorgrun
 33490 | Shoals:3 | Reached skill level 5 in Conjurations
 34080 | Shoals:4 | Entered Level 4 of the Shoals
 34184 | Shoals:4 | Reached XP level 20. HP: 137/137 MP: 33/33
 34355 | Shoals:4 | Got a barnacled rune of Zot
 34454 | Shoals:4 | Noticed Ilsuiw
 34473 | Shoals:4 | Killed Ilsuiw
 35126 | Shoals:4 | Reached skill level 10 in Spellcasting
 35692 | D:14     | wvc: опача!
 35692 | D:14     | Goblin1989: холи
 35721 | D:14     | Goblin1989: плеть пока лучше
 35724 | D:14     | wvc: Ну, к лейту как раз заточу, если жив буду
 36023 | D:14     | Goblin1989: лол
 36023 | D:14     | Goblin1989: еще и зелье опыта
 36023 | D:14     | Goblin1989: тебе везет
 36023 | D:14     | wvc: как-то оно мало даёт
 36023 | D:14     | wvc: в начале игры круче:)
 36023 | D:14     | Goblin1989: :)
 36023 | D:14     | Reached XP level 21. HP: 142/142 MP: 35/35
 36048 | D:15     | Entered Level 15 of the Dungeon
 36318 | D:15     | Found a staircase to the Depths.
 37035 | Vaults:1 | Entered Level 1 of the Vaults
 37398 | Vaults:1 | Gained mutation: Your body sometimes deteriorates upon taking damage. [a neqoxec]
 37560 | Vaults:1 | Reached skill level 19 in Fighting
 37728 | Vaults:1 | Found Lageuzat's Distillery.
 37763 | Vaults:1 | Gained mutation: You are agile. (Dex +2) [mutagenic meat]
 37764 | Vaults:1 | Gained mutation: You regenerate slowly when monsters are visible. [mutagenic meat]
 37767 | Vaults:1 | Gained mutation: You have large cloven feet. [mutagenic meat]
 37803 | Vaults:1 | Bought 2 potions of mutation for 70 gold pieces
 37803 | Vaults:1 | Bought 2 potions of cancellation for 224 gold pieces
 37803 | Vaults:1 | Bought a potion of agility for 56 gold pieces
 37803 | Vaults:1 | Bought a potion of heal wounds for 70 gold pieces
 37803 | Vaults:1 | Bought a potion of heal wounds for 70 gold pieces
 37803 | Vaults:1 | Bought a potion of might for 56 gold pieces
 37803 | Vaults:1 | Bought a potion of might for 56 gold pieces
 37803 | Vaults:1 | Bought a potion of resistance for 140 gold pieces
 37803 | Vaults:1 | Goblin1989: майт
 37804 | Vaults:1 | Gained mutation: You are partially covered in iridescent scales (AC +4). [potion of mutation]
 37804 | Vaults:1 | Lost mutation: You regenerate slowly when monsters are visible. [potion of mutation]
 37804 | Vaults:1 | Gained mutation: Your spells are a little easier to cast, but a little less powerful. [potion of mutation]
 37805 | Vaults:1 | Goblin1989: а, все
 37805 | Vaults:1 | Gained mutation: You are frail (-10% HP). [potion of mutation]
 37805 | Vaults:1 | Lost mutation: You are frail (-10% HP). [potion of mutation]
 38030 | Vaults:1 | Reached XP level 22. HP: 142/149 MP: 34/36
 38186 | Vaults:1 | Gained mutation: You are very agile. (Dex +4) [mutagenic meat]
 38327 | Vaults:1 | Gained mutation: Your magical capacity is low (-10% MP). [mutagenic meat]
 38328 | Vaults:1 | Lost mutation: Your magical capacity is low (-10% MP). [mutagenic meat]
 39075 | Vaults:2 | Learned a level 2 spell: Blink
 39596 | Vaults:2 | Got a pitted tin ring
 39599 | Vaults:2 | Identified the ring of Amorality {rPois rF+ Str+5} (You found it on level 2 of the Vaults)
 39933 | Vaults:2 | Lost mutation: Your body sometimes deteriorates upon taking damage. [mutagenic meat]
 39935 | Vaults:2 | Gained mutation: Scrolls take you a little longer to read. [mutagenic meat]
 39936 | Vaults:2 | Lost mutation: Your flesh is cold resistant. [mutagenic meat]
 39937 | Vaults:2 | Gained mutation: You occasionally shout uncontrollably at your foes. [mutagenic meat]
 39938 | Vaults:2 | Gained mutation: Your body sometimes deteriorates upon taking damage. [mutagenic meat]
 39939 | Vaults:2 | Lost mutation: You have large cloven feet. [mutagenic meat]
 39942 | Vaults:2 | Lost mutation: Scrolls take you a little longer to read. [mutagenic meat]
 39943 | Vaults:2 | Goblin1989: ого сколько его
 39943 | Vaults:2 | Lost mutation: You occasionally shout uncontrollably at your foes. [mutagenic meat]
 40285 | Vaults:3 | Found a staircase to the Crypt.
 40531 | Vaults:3 | wvc: мой любимый армор!
 40531 | Vaults:3 | wvc: PDA!
 40541 | Vaults:3 | Goblin1989: что дает?
 40543 | Vaults:3 | Noticed Nikola
 40544 | Vaults:3 | wvc: один плюс rN. для гаргульи неактуально, но у этой брони ещё хорошее сочетание энкумбранс/АЦ
 40561 | Vaults:3 | Killed Nikola
 40561 | Vaults:3 | Reached skill level 20 in Fighting
 40564 | Vaults:3 | Got a pair of transparent gloves
 40575 | Vaults:3 | Identified the +0 pair of gloves of Omission {rN+ Str-4 Stlth+} (You found it on level 3 of the Vaults)
 40958 | Vaults:3 | Found Neroushrauz's Distillery.
 40973 | Vaults:3 | Bought a potion of magic for 160 gold pieces
 40973 | Vaults:3 | Bought a potion of curing for 60 gold pieces
 40973 | Vaults:3 | Bought a potion of agility for 80 gold pieces
 40973 | Vaults:3 | Bought 2 potions of resistance for 400 gold pieces
 40973 | Vaults:3 | Bought a potion of heal wounds for 100 gold pieces
 40973 | Vaults:3 | Bought a potion of agility for 80 gold pieces
 40973 | Vaults:3 | Bought a potion of mutation for 50 gold pieces
 40973 | Vaults:3 | Gained mutation: You are robust (+10% HP). [potion of mutation]
 40973 | Vaults:3 | Lost mutation: You are very agile. (Dex +4) [potion of mutation]
 41011 | Vaults:3 | Goblin1989: это самый злостный табер, которого я пока что видел, который не у макхалеба :)
 41074 | Vaults:3 | Reached XP level 23. HP: 172/172 MP: 38/38
 41460 | Vaults:3 | Lost mutation: You are partially covered in iridescent scales (AC +4). [mutagenic meat]
 41462 | Vaults:3 | Lost mutation: You possess an exceptional clarity of mind. [mutagenic meat]
 41463 | Vaults:3 | Gained mutation: You are partially covered in thin metallic scales (AC +2). [mutagenic meat]
 41464 | Vaults:3 | Lost mutation: You are robust (+10% HP). [mutagenic meat]
 41465 | Vaults:3 | Gained mutation: Your spells are easier to cast, but less powerful. [mutagenic meat]
 41466 | Vaults:3 | Gained mutation: Scrolls take you a little longer to read. [mutagenic meat]
 41467 | Vaults:3 | Lost mutation: Scrolls take you a little longer to read. [potion of cure mutation]
 41467 | Vaults:3 | Lost mutation: Your spells are easier to cast, but less powerful. [potion of cure mutation]
 41468 | Vaults:3 | Lost mutation: Your body sometimes deteriorates upon taking damage. [potion of cure mutation]
 41468 | Vaults:3 | Lost mutation: You are covered in fur (AC +1). [potion of cure mutation]
 41468 | Vaults:3 | Lost mutation: Your spells are a little easier to cast, but a little less powerful. [potion of cure mutation]
 41468 | Vaults:3 | Lost mutation: You are agile. (Dex +2) [potion of cure mutation]
 42005 | Vaults:4 | Noticed Wiglaf
 42017 | Vaults:4 | Killed Wiglaf
 42082 | Vaults:4 | Gained mutation: You have a pair of small horns on your head. [mutagenic meat]
 42083 | Vaults:4 | Gained mutation: Potions and wands are less effective at restoring your health. [mutagenic meat]
 42084 | Vaults:4 | Gained mutation: Your spells are a little harder to cast, but a little more powerful. [mutagenic meat]
 42597 | Vaults:4 | Found Feol's Distillery.
 42605 | Vaults:4 | Bought a potion of resistance for 140 gold pieces
 42605 | Vaults:4 | Bought a potion of heal wounds for 70 gold pieces
 42605 | Vaults:4 | Bought a potion of resistance for 140 gold pieces
 42605 | Vaults:4 | Bought a potion of cure mutation for 490 gold pieces
 42605 | Vaults:4 | Bought a potion of might for 56 gold pieces
 42605 | Vaults:4 | Bought 2 potions of magic for 224 gold pieces
 42605 | Vaults:4 | Bought a potion of curing for 42 gold pieces
 43048 | Depths:1 | Entered Level 1 of the Depths
 43228 | Depths:1 | Gained mutation: Your spells are harder to cast, but more powerful. [potion of mutation]
 43228 | Depths:1 | Gained mutation: Your natural rate of healing is unusually fast. [potion of mutation]
 43295 | Depths:1 | Noticed Sojobo
 43317 | Depths:1 | Killed Sojobo
 43317 | Depths:1 | Reached skill level 15 in Earth Magic
 43382 | Depths:1 | Gained mutation: Your magical capacity is low (-10% MP). [mutagenic meat]
 43628 | Depths:1 | Found a gateway to Hell.
 43674 | Depths:1 | Found a one-way gate leading to the halls of Pandemonium.
 43844 | Depths:2 | Lost mutation: Your magical capacity is low (-10% MP). [mutagenic meat]
 43845 | Depths:2 | Gained mutation: You are somewhat resistant to further mutation. [mutagenic meat]
 43854 | Depths:2 | Lost mutation: Your spells are harder to cast, but more powerful. [mutagenic meat]
 44032 | Depths:2 | Reached skill level 1 in Translocations
 44104 | Depths:2 | Found a one-way gate to the infinite horrors of the Abyss.
 44168 | Depths:2 | Reached XP level 24. HP: 164/164 MP: 40/40
 44645 | Depths:2 | Identified Khufu's Tome of Unholy Magic
 44897 | Depths:3 | Found a gateway to a ziggurat.
 45587 | Depths:3 | Identified the Volume of Enhancements and Stones (You found it on level 3 of the Depths)
 45606 | Depths:3 | Found a burning altar of Makhleb.
 45653 | Depths:3 | Got a transparent steel ring
 45655 | Depths:3 | Got an ancient iron ring
 45657 | Depths:3 | Identified the ring of Yseoss {+/*Tele rElec rC+ Slay+3} (You found it on level 3 of the Depths)
 45659 | Depths:3 | Identified the ring of Abstinence {+/*Tele rN+ Stlth+} (You found it on level 3 of the Depths)
 45696 | Depths:3 | Found a runed door.
 45697 | Depths:3 | Found a runed door.
 45730 | Depths:3 | Learned a level 6 spell: Deflect Missiles
 46524 | Depths:4 | Reached XP level 25. HP: 153/169 MP: 30/41
 47223 | Depths:5 | Entered Level 5 of the Depths
 47620 | Depths:5 | Reached skill level 21 in Earth Magic
 47665 | Depths:5 | Found a gate to the Realm of Zot.
 48804 | Vaults:5 | Entered Level 5 of the Vaults
 48806 | Vaults:5 | Reached skill level 22 in Earth Magic
 48807 | Vaults:5 | wvc: воу, за одну атаку
 48807 | Vaults:5 | wvc: впервые такое
 48825 | Vaults:5 | Goblin1989: у меня было за две :)
 48837 | Vaults:5 | Goblin1989: два торнадо
 48840 | Vaults:5 | Reached skill level 23 in Earth Magic
 48858 | Vaults:5 | Reached XP level 26. HP: 140/175 MP: 2/41
 48911 | Vaults:5 | Reached skill level 24 in Earth Magic
 49071 | Vaults:5 | Got a scintillating lead amulet
 49076 | Vaults:5 | Got a fine jade ring
 49380 | Vaults:5 | Identified the amulet of Muphim {Ward rN+ Str+4 Int-5 Dex-5 Slay+6} (You took it off a tengu reaver on level 5 of the Vaults)
 49382 | Vaults:5 | Identified the ring of Boofrot {Ice Int+4} (You took it off a deep elf high priest on level 5 of the Vaults)
 49385 | Vaults:5 | Got a bound golden ring
 49386 | Vaults:5 | Identified the ring "Cerphisu" {rN+ Stlth+} (You found it on level 5 of the Vaults)
 49427 | Vaults:5 | Learned a level 8 spell: Controlled Blink
 49463 | Vaults:5 | Identified the Reference Book on Confrontation and the Volcanoes
 49467 | Vaults:5 | Identified the Tome of the Excruciating Snowflakes
 49523 | Vaults:5 | Reached skill level 1 in Charms
 49658 | Vaults:5 | Got a silver rune of Zot
 50161 | Vaults:5 | Reached skill level 5 in Translocations
 50731 | Slime:1  | Entered Level 1 of the Pits of Slime
 50849 | Slime:4  | Reached skill level 15 in Dodging
 51015 | Slime:6  | Entered Level 6 of the Pits of Slime
 51286 | Slime:6  | Found a viscous altar of Jiyva.
 51289 | Slime:6  | Noticed the royal jelly
 51303 | Slime:6  | Goblin1989: желейки ничего не съедят?
 51305 | Slime:6  | Killed the royal jelly
 51415 | Slime:6  | Goblin1989: не съели :)
 51415 | Slime:6  | wvc: нет, в новых версиях они не едят ничего, что видел игрок
 51415 | Slime:6  | wvc: алсо, впервые без ркорр прошел слаймы
 51458 | Slime:6  | Identified the Collected Works on Creation and the Blaze
 51464 | Slime:6  | Goblin1989: то-то у тебя -24 коррозия была
 51494 | Slime:6  | Identified a +1 pair of boots of running (You found it on level 6 of the Pits of Slime)
 51525 | Slime:6  | Learned a level 5 spell: Aura of Abjuration
 51546 | Slime:6  | Got a slimy rune of Zot
 51550 | Slime:6  | Got an ancient lead ring
 51551 | Slime:6  | Identified the ring "Cimyrph" {rElec rF+ Int+4 SInv} (You found it on level 6 of the Pits of Slime)
 51725 | Lair:4   | Goblin1989: нужно засеч
 52008 | Depths:2 | Goblin1989: за сколько ходов абисс руну возьмешь )))
 52010 | Depths:2 | wvc: опача
 52010 | Depths:2 | wvc: щит подъехал
 52024 | Depths:2 | Voluntarily entered the Abyss.
 52108 | Abyss:1  | Reached XP level 27. HP: 181/181 MP: 41/41
 52404 | Abyss:1  | Paralysed by accursed screaming for 1 turns
 52407 | Abyss:1  | Paralysed by accursed screaming for 1 turns
 52423 | Abyss:1  | Paralysed by you for 2 turns
 52614 | Abyss:2  | Found a corrupted altar of Lugonu.
 52719 | Abyss:3  | Found a corrupted altar of Lugonu.
 52842 | Abyss:3  | Found a roughly hewn altar of Beogh.
 53007 | Abyss:3  | Reached skill level 25 in Earth Magic
 53186 | Abyss:3  | Paralysed by accursed screaming for 1 turns
 53199 | Abyss:3  | Reached skill level 5 in Charms
 53283 | Abyss:3  | Got an abyssal rune of Zot
 53326 | Depths:2 | Escaped the Abyss
 53329 | Depths:2 | Reached skill level 15 in Spellcasting
 53331 | Depths:2 | Goblin1989: 1983
 53331 | Depths:2 | Goblin1989: :)
 53331 | Depths:2 | wvc: чо, куда дальше? паны?
 53331 | Depths:2 | Goblin1989: паны
 53377 | Pan      | Entered Pandemonium
 53414 | Pan      | Noticed Vossoe Giesm the pandemonium lord
 53437 | Pan      | Killed Vossoe Giesm the pandemonium lord
 53443 | Pan      | Goblin1989: они летающие
 53457 | Pan      | Goblin1989: летающих шатер говорят не домажит почти :(
 53499 | Pan      | Paralysed by the power of Zot for 4 turns
 53593 | Pan      | Found an exit through the horrors of the Abyss.
 53723 | Pan      | Found an exit through the horrors of the Abyss.
 53738 | Pan      | Gained mutation: You are clumsy. (Dex -2) [a neqoxec]
 53758 | Pan      | Noticed Qizuc the pandemonium lord
 53786 | Pan      | Killed Qizuc the pandemonium lord
 53792 | Pan      | Goblin1989: абжур
 53793 | Pan      | Goblin1989: о
 53793 | Pan      | Goblin1989: плохо
 53839 | Pan      | wvc: ну и нахуй такая девятка, которая не работает?:(
 53852 | Pan      | Lost mutation: Potions and wands are less effective at restoring your health. [a cacodemon]
 53973 | Pan      | Gained mutation: Your muscles are strong. (Str +2) [a neqoxec]
 53975 | Pan      | Goblin1989: наверное стоит суммонинг прокачать, чтобы абжур работал
 53994 | Pan      | Goblin1989: с 43 интеллекта немного нужно
 54011 | Pan      | Reached skill level 1 in Summonings
 54319 | Pan      | Reached skill level 5 in Summonings
 54340 | Pan      | Goblin1989: я думаю холиплеть для этого парня лучше чем холиевнингстар
 54564 | Pan      | Goblin1989: эир/чармс
 54825 | Pan      | Goblin1989: Да ладно!? у меня статистика обновилась наконец-то! шикарно. :)
 54889 | Pan      | Found a glowing silver altar of Zin.
 55212 | Pan      | Goblin1989: в холипане демоник руна лежит?
 55226 | Pan      | wvc: ага
 55226 | Pan      | wvc: либо портал наружу, если руна уже есть
 55226 | Pan      | wvc: я обычно перехожу между уровнями, пока в холипан не попаду или на другие уровни с рунами
 55291 | Pan      | Goblin1989: я думал портал наружу рандомно генерирует
 55378 | Pan      | Goblin1989: я с холипана бежал оба раза
 55736 | Pan      | Goblin1989: ну, первый раз понятно - демонспаун и холипан несовместимы, а второй раз прижали как-то очень жестко, а у меня регена ХП не было
 55966 | Pan      | wvc: блджад, ангелов тяжелее чем дэвов уебать
 55990 | Pan      | Goblin1989: кстати
 56084 | Pan      | Goblin1989: у тебя же был свиток смены бренда на оружии
 56092 | Pan      | wvc: аж четыре
 56092 | Pan      | wvc: демон переточить что-ли?
 56096 | Pan      | Goblin1989: попробовать
 56106 | Pan      | Found a white marble altar of Elyvilon.
 56158 | Pan      | Goblin1989: электричество не актуально уже
 56204 | Pan      | Reached skill level 26 in Earth Magic
 57739 | Pan      | Noticed a seraph
 58029 | Pan      | Reached skill level 27 in Earth Magic
 58030 | Pan      | Goblin1989: абжурейшн не забудь включить когда он ангелов призывать начнет
 58030 | Pan      | Goblin1989: серафим
 58076 | Pan      | Killed a seraph
 58076 | Pan      | Reached skill level 1 in Necromancy
 58076 | Pan      | Goblin1989: опа, не работает абжур чего-то :(
 58077 | Pan      | wvc: ТСОЙ защищает
 58347 | Pan      | Found a glowing golden altar of the Shining One.
 58374 | Pan      | Got a demonic rune of Zot
 58380 | Pan      | Identified the Guide on Attacks
 58388 | Pan      | Identified the Handbook of Virous Transformation
 59801 | Pan      | Found an exit through the horrors of the Abyss.
 59937 | Pan      | Gained mutation: Your body sometimes deteriorates upon taking damage. [a neqoxec]
 59987 | Pan      | Entered the realm of Lom Lobon.
 59994 | Pan      | Found an exit through the horrors of the Abyss.
 59997 | Pan      | Noticed Mennas
 60023 | Pan      | Killed Mennas
 60046 | Pan      | Reached skill level 10 in Translocations
 60392 | Pan      | Noticed Lom Lobon
 60701 | Pan      | wvc: Лобок не умеет в двери!
 60798 | Pan      | wvc: а нет, умеет
 60808 | Pan      | Goblin1989: теле
 60927 | Pan      | Goblin1989: это вс двери открывали/закрывали так? :)
 61202 | Pan      | Goblin1989: забавно выглядит :)
 61422 | Pan      | Killed Lom Lobon
 61440 | Pan      | Goblin1989: ну наконец-то
 61449 | Pan      | Got a magical rune of Zot
 61450 | Pan      | Goblin1989: он серьезный
 61593 | Depths:2 | Escaped Pandemonium
 61945 | Crypt:1  | Entered Level 1 of the Crypt
 61993 | Crypt:1  | Goblin1989: томб?
 62007 | Crypt:1  | wvc: не, крипта, потом паны добрать, потом хелл, потом томб
 62159 | Crypt:1  | Goblin1989: у тебя кстати сблинка нет?
 62170 | Crypt:1  | wvc: есть, вкачиваю
 62175 | Crypt:1  | Goblin1989: его тоже кастовать научиться быстрее бы
 62470 | Crypt:1  | Goblin1989: не раз шкуру спасет
 62693 | Crypt:2  | Goblin1989: хотя какая шкура у гаргульи
 63501 | Crypt:3  | Entered Level 3 of the Crypt
 63727 | Crypt:3  | Found a staircase to the Tomb.
 64330 | Crypt:3  | Reached skill level 15 in Translocations
 64449 | Crypt:3  | Noticed Xtahua
 64472 | Crypt:3  | Killed Xtahua
 64576 | Crypt:3  | Got a warped copper ring
 64607 | Crypt:3  | Found a basalt altar of Yredelemnul.
 64614 | Crypt:3  | Found an ancient bone altar of Kikubaaqudgha.
 64678 | Crypt:3  | Identified the ring of the Tales {rN+ MR+ Dex+2} (You took it off a vampire on level 3 of the Crypt)
 64682 | Crypt:3  | Identified Zobev's Compendium of Arcane Weapons (You found it on level 3 of the Crypt)
 64709 | Crypt:3  | Got an ancient marble ring
 64710 | Crypt:3  | Identified the ring of the Traitor {rC- rN+ Str+2 Stlth+} (You found it on level 3 of the Crypt)
 65160 | Pan      | Entered Pandemonium
 65361 | Pan      | Noticed Herruh the pandemonium lord
 65495 | Pan      | Killed Herruh the pandemonium lord
 65631 | Pan      | Gained mutation: You are very clumsy. (Dex -4) [a neqoxec]
 65780 | Pan      | Goblin1989: кэнсел оставил
 65795 | Pan      | Goblin1989: на том уровне
 65911 | Pan      | Entered the realm of Cerebov.
 65953 | Pan      | Goblin1989: сблинк готов?
 65957 | Pan      | wvc: почти
 65982 | Pan      | Goblin1989: ну, под брилом пойдет
 66014 | Pan      | Goblin1989: если брил конечно есть
 66365 | Pan      | Got a transparent lapis lazuli ring
 66367 | Pan      | Identified the ring of Xom's Capriciousness {-Tele *Confuse rPois MR+ Int+7} (You found it in Pandemonium)
 66394 | Pan      | Got a slimy lapis lazuli ring
 66396 | Pan      | Goblin1989: щит смотреть не хочешь?
 66396 | Pan      | Identified the ring of Wairoul {rF+ MR+ Int+4 Dex+2} (You took it off an efreet in Pandemonium)
 66397 | Pan      | wvc: не, он здоровый сука
 66400 | Pan      | Goblin1989: так прокачать шилды до 25
 66446 | Pan      | Goblin1989: может там какой супер-пупер
 66481 | Pan      | Got a faintly humming large shield
 66482 | Pan      | Identified the +3 large shield of the Armoured One {Stlth+} (You found it in Pandemonium)
 66538 | Pan      | Goblin1989: шлак. ты был прав
 66574 | Pan      | Learned a level 8 spell: Necromutation
 66697 | Pan      | Got a twisted shadow dragon armour
 66698 | Pan      | Identified the +0 shadow dragon armour of Kikubaaqudgha's Favour {Int+2 Stlth++++} (You found it in Pandemonium)
 66700 | Pan      | wvc: ого, четыре плюса
 66854 | Pan      | Got a transparent bone ring
 66858 | Pan      | Got a slimy jade amulet
 66863 | Pan      | Identified the ring "Jatyoplu" {rC+ rN+ EV+3 Str-5} (You took it off a red devil in Pandemonium)
 66865 | Pan      | Identified the amulet of the Failed Coup {rElec rPois rC+ Regen+ Str+8} (You took it off a balrug in Pandemonium)
 66866 | Pan      | Goblin1989: О_О
 66942 | Pan      | Noticed Cerebov
 67294 | Pan      | Killed Cerebov
 67333 | Pan      | Got a wavering golden ring
 67334 | Pan      | Identified the ring "Lufaguc" {MR+ SInv} (You found it in Pandemonium)
 67381 | Pan      | Got a fiery rune of Zot
 67520 | Pan      | Found a gateway to a ziggurat.
 67567 | Zig:1    | Entered Level 1 of a ziggurat
 67590 | Zig:2    | Entered Level 2 of a ziggurat
 67621 | Zig:2    | Identified Sif Muna's Catalogue of Moulding
 67763 | Zig:3    | Entered Level 3 of a ziggurat
 67782 | Zig:4    | Entered Level 4 of a ziggurat
 67796 | Zig:5    | Entered Level 5 of a ziggurat
 67835 | Zig:6    | Entered Level 6 of a ziggurat
 67868 | Zig:6    | Identified Honiqa's Reference Book on Unholy Arts
 67875 | Zig:7    | Entered Level 7 of a ziggurat
 67944 | Zig:8    | Entered Level 8 of a ziggurat
 67950 | Zig:8    | Reached skill level 5 in Necromancy
 67981 | Zig:8    | Got a smoking robe
 67982 | Zig:8    | Identified the cursed +1 robe of Springtime {Str+2} (You found it on level 8 of a ziggurat)
 68022 | Zig:9    | Entered Level 9 of a ziggurat
 68041 | Zig:9    | Got a sparkling granite ring
 68042 | Zig:9    | Identified the ring of Suatag {Int+4 Stlth-} (You found it on level 9 of a ziggurat)
 68097 | Zig:10   | Entered Level 10 of a ziggurat
 68199 | Zig:11   | Entered Level 11 of a ziggurat
 68199 | Zig:11   | Noticed zkyp's ghost (master DsMo)
 68211 | Zig:11   | Noticed Rede the pandemonium lord
 68212 | Zig:11   | Killed Rede the pandemonium lord
 68227 | Zig:11   | Killed zkyp's ghost
 68345 | Zig:12   | Entered Level 12 of a ziggurat
 68385 | Zig:12   | Got a heavily runed turquoise ring
 68386 | Zig:12   | Identified the ring "Doeppeh" {+Blink EV+2 Dex+3} (You found it on level 12 of a ziggurat)
 68408 | Zig:13   | Entered Level 13 of a ziggurat
 68530 | Zig:13   | Identified the Compendium of Hexes (You found it on level 13 of a ziggurat)
 68538 | Zig:14   | Entered Level 14 of a ziggurat
 68783 | Zig:15   | Entered Level 15 of a ziggurat
 68791 | Zig:15   | Noticed an ancient lich
 68791 | Zig:15   | Noticed an ancient lich
 68792 | Zig:15   | Noticed an ancient lich
 68794 | Zig:15   | Killed an ancient lich
 68794 | Zig:15   | Killed an ancient lich
 68794 | Zig:15   | Killed an ancient lich
 68819 | Zig:15   | Identified the Papyrus of Freezing Calling
 69016 | Pan      | Noticed Wixifeibb the pandemonium lord
 69035 | Pan      | Killed Wixifeibb the pandemonium lord
 69228 | Pan      | Found an exit through the horrors of the Abyss.
 69261 | Pan      | Entered the realm of Mnoleg.
 69696 | Pan      | Found an exit through the horrors of the Abyss.
 69744 | Pan      | Noticed Mnoleg
 69754 | Pan      | Killed Mnoleg
 69754 | Pan      | Reached skill level 10 in Necromancy
 69876 | Pan      | Gained mutation: You have a pair of horns on your head. [mutagenic meat]
 69881 | Pan      | Gained mutation: You are covered in fur (AC +1). [mutagenic meat]
 69888 | Pan      | Lost mutation: You have a pair of horns on your head. [mutagenic meat]
 69915 | Pan      | Got a glowing rune of Zot
 69993 | Pan      | Got a sheer robe
 69994 | Pan      | Identified the +0 robe of Gallantry {+Fly} (You found it in Pandemonium)
 70160 | Pan      | Goblin1989: еще одна руна осталась
 70165 | Pan      | Goblin1989: в панах
 70172 | Pan      | Noticed Piviq the pandemonium lord
 70178 | Pan      | Killed Piviq the pandemonium lord
 70192 | Pan      | Entered the realm of Gloorx Vloq.
 70228 | Pan      | Noticed Gloorx Vloq
 70242 | Pan      | Killed Gloorx Vloq
 70260 | Pan      | Got a dark rune of Zot
 70285 | Pan      | Goblin1989: успех )))
 70289 | Pan      | Found an exit through the horrors of the Abyss.
 70299 | Pan      | Took an exit into the Abyss.
 70299 | Abyss:1  | Escaped into the Abyss
 70312 | Depths:1 | Escaped the Abyss
 70439 | Zot:1    | Entered Level 1 of the Realm of Zot
 70600 | Zot:5    | Entered Level 5 of the Realm of Zot
 70812 | Zot:2    | Goblin1989: ты не в перламутровой броне, кстати?
 70826 | Zot:1    | wvc: не, в старой
 70902 | Hell     | Entered the Vestibule of Hell
 70902 | Hell     | Noticed Geryon
 70903 | Hell     | Goblin1989: а что так? Та хуже?
 70920 | Hell     | Killed Geryon
 70951 | Hell     | Reached skill level 15 in Necromancy
 70977 | Hell     | Gained mutation: You are dopey. (Int -2) [a cacodemon]
 71048 | Hell     | Found a gateway to the Iron City of Dis.
 71057 | Dis:1    | Entered Level 1 of the Iron City of Dis
 71813 | Dis:1    | Goblin1989: о как. та тяжелее получеется немного
 72438 | Dis:7    | Entered Level 7 of the Iron City of Dis
 72629 | Dis:7    | Goblin1989: реген
 72944 | Dis:7    | Goblin1989: затабался :)
 73072 | Dis:7    | Noticed Dispater
 73089 | Dis:7    | Killed Dispater
 73091 | Dis:7    | Got a faintly glowing iron ring
 73099 | Dis:7    | Noticed the Serpent of Hell
 73126 | Dis:7    | Killed the Serpent of Hell
 73146 | Dis:7    | Got an iron rune of Zot
 73263 | Hell     | Found a gateway to the decaying netherworld of Tartarus.
 73274 | Tar:1    | Entered Level 1 of Tartarus
 74552 | Tar:7    | Entered Level 7 of Tartarus
 74652 | Tar:7    | Noticed Ereshkigal
 74775 | Tar:7    | Killed Ereshkigal
 74808 | Tar:7    | Goblin1989: это было опасно
 74825 | Tar:7    | Got a bone rune of Zot
 74873 | Tar:7    | wvc: yolo
 74975 | Hell     | Found a gateway to the freezing wastes of Cocytus.
 75000 | Coc:1    | Entered Level 1 of Cocytus
 76143 | Coc:7    | Entered Level 7 of Cocytus
 76203 | Coc:7    | Noticed Antaeus
 76332 | Coc:7    | Reached skill level 5 in Transmutations
 76621 | Coc:7    | HP: 3/182 [Antaeus/the +5 quick blade "Gimble" {pierce, Dex-3} (9)]
 76621 | Coc:7    | Slain by Antaeus

Vault maps used:
D:1:      scummos_arrival_hexagon, st_stairs_3, hangedman_decor_slide_cut
D:2:      amethyst_overflow_temple_binary, first_bread
D:3:      roderic_aztec_sauvastika, hex_tiny, minmay_misc_feat_pillars
D:4:      nicolae_overflow_hidden_temple
D:5:      kiku_gazebo_pond_becter, minmay_temple_entry_crystal_x, serial_shops,
          shop_coins, uniq_grinder, uniq_eustachio
D:7:      hex_medium, grunt_livestock
D:8:      lemuel_slime, nemelex_deck, st_stairs_3, uniq_erica
D:9:      nicolae_overflow_crystal_walls, demons_altar, orc_0_dummy,
          enter_bailey_7, serial_shops, shop, lemuel_jelly_drop
D:10:     minmay_lair_entry_grove
D:11:     uniq_erolcha
D:12:     uniq_urug
D:13:     erik_vaults_2, elves_outpost_lemuel, uniq_maurice
D:14:     minmay_misc_feat_iff
D:15:     grunt_enter_depths_magical_seal, minivault_20
Temple:   circular_temple_12
Lair:1:   minmay_lair_oklob_tunnel, nicolae_quartered_pool_medium
Lair:2:   enter_volcano_2, serial_bayou_ford_a
Lair:3:   st_stairs_6
Lair:4:   elwin_shoals_entry_stream, kennysheep_basilisk_garden,
          lemuel_fruit_tree
Lair:5:   columned_hall_lemuel, st_stairs_8, grunt_megastairs_3
Lair:6:   minmay_snake_entry_guardpost_small, infiniplex_staircase_pool
Lair:8:   minmay_lair_end_enchanted_forest, slime_altar_1, basic_altar,
          minivault_19
Shoals:3: ldierk_geyser, nicolae_shoals_wave_tunnel, uniq_jorgrun
Shoals:4: shoals_end_grunt_ice, shoals_ilsuiw_ice
Snake:1:  serial_bayou_pond_e, grunt_megastairs_2, serial_bayou_shore_a
Snake:2:  cheibrodos_snake_ritualist_ritual, basic_altar
Snake:3:  uniq_donald, uniq_roxanne
Snake:4:  minmay_snake_end_coiled, serial_shops, nicolae_shop_waterfront,
          spider_trap, grunt_ministairs_15, nrook_guardian_serpent_ordinary,
          uniq_aizul
Orc:1:    minmay_goldmine
Orc:2:    trog_hazing_becter, uniq_gastronok
Orc:3:    orc_temple, nicolae_orc_pool_cavern
Orc:4:    grunt_orc_gardens, grunt_orc_garden, grunt_orc_garden,
          grunt_orc_garden, grunt_orc_garden, serial_shops,
          nicolae_shop_window_shopping
Elf:1:    minmay_elf_arrival_circle, basic_altar,
          hangedman_elven_crosses_minicolossus, minivault_24,
          nicolae_elf_big_sculpture_2, hangedman_research_thermodynamics
Elf:3:    elf_hall, serial_shops, shop, st_stairs_6, glass_columns_b,
          grunt_megastairs_4
Vaults:1: ontoclasm_vaults_gateway, v_misc_30, v_rooms_1, v_misc_11, v_misc_12,
          grunt_vaults_twisty, vaults_room_grunt_arrival_checkpoint, v_misc_15,
          vaults_room_door_ring, serial_shops, shop
Vaults:2: hangedman_vaults_nails, nicolae_vaults_diagonal_hallway_8,
          vaults_room_hangedman_quadrants, nicolae_vaults_little_squares_4,
          nicolae_vaults_yaktaur_gun_rack,
          nicolae_vaults_windows_and_doors_thing, grunt_vaults_focal,
          hangedman_vaults_snaps
Vaults:3: hangedman_vaults_locks, vaults_mumra_minichess_inversion,
          minmay_crypt_entry_simple_corners, vaults_standard_mumra_x,
          vaults_room_grunt_arrival_ludios, nicolae_vaults_mini_display_case,
          vaults_room_ringed_pool, nicolae_vaults_little_squares_3,
          nicolae_vaults_alarming, nicolae_vaults_rhombus_5,
          ontoclasm_vaults_shuriken, vaults_mumra_lcd,
          ontoclasm_vaults_ring_small, ontoclasm_vaults_pinch, serial_shops,
          nicolae_shop_waterfront, uniq_nikola
Vaults:4: vaults_standard_mumra_lines, v_alt_pattern_1, vaults_room_pools,
          ontoclasm_vaults_echo, v_pattern_1, v_rooms_5, vaults_room_corners,
          v_misc_16, v_misc_2, vaults_room_grid, vaults_mumra_chevron_long,
          nicolae_vaults_sealed_display, serial_shops, shop, uniq_wiglaf
Crypt:2:  nicolae_crypt_twisting_catacombs, st_stairs_8, uniq_mennas
Crypt:3:  lightli_unholy_cathedral, basic_stair_grate_trap, uniq_xtahua
Depths:1: hell_entry, hangedman_glass_teeth, grunt_pan_entry_zigzag,
          serial_sigils_hangedman_gut, moated_statue,
          kennysheep_opposing_triangles, uniq_sojobo
Depths:2: minmay_fractal_lines_corner, pf_hell_entry_tar_spiral,
          nicolae_twisting_strands, rand_demon_pan_entry_7, abyss_entry
Depths:3: evilmike_makhleb_hellhole, enter_ziggurat_e, rand_demon_pan_entry_4,
          hell_entry, minmay_misc_feat_encased, infiniplex_staircase_x
Depths:4: minmay_spriggan_fort, abyss_entry_crystal, hell_entry,
          minmay_misc_feat_ornament, serial_sigils_hangedman_confine,
          minmay_misc_feat_rows, infiniplex_staircase_zigzag_3
Depths:5: evilmike_zot_entry_argh, hell_entry, abyss_entry
Dis:5:    nicolae_dis_lava_storage_tank
Dis:6:    lemuel_elevator
Dis:7:    dis_st
Coc:5:    serial_ice, serial_ice_b
Coc:7:    coc_grunt
Tar:6:    nicolae_tar_cuneiform_to_be
Tar:7:    tar_grunt_ereshkigal, tar_grunt_big_loot, tar_grunt_small_loot,
          tar_grunt_small_loot, tar_grunt_small_loot, nicolae_tar_cuneiform_sun,
          tar_grunt_decor_cross_ortho, tar_grunt_decor_octagon_7,
          nicolae_tar_cuneiform_oil, nicolae_tar_cuneiform_heaven,
          tar_grunt_decor_4, tar_grunt_small_decor_pillar, tar_grunt_decor_8,
          tar_grunt_small_decor_pillar, tar_grunt_decor_1,
          tar_grunt_small_decor_pillar, tar_grunt_decor_1,
          tar_grunt_small_decor_pillar, nicolae_tar_cuneiform_three,
          tar_grunt_small_decor_pillar
Zot:5:    st_stairs_12
Abyss:1:  lemuel_flamethrower_3, evilmike_abyss_exit_15
Abyss:2:  hangedman_abyss_or_decor_lesser_grid, hangedman_elemental_corridor
Pan:      evilmike_mini_pan_corridor, grunt_pan_zigzag, rand_demon_5,
          evilmike_mini_pan_corridor, uniq_mennas_pan, pan_blood_fountain,
          reaverb_pan_chaos_star, nicolae_pan_gloorx_vloqian_2,
          evilmike_holy_pan, rand_demon_6, lemuel_hall_of_pain,
          pan_blood_fountain_small, evilmike_mini_pan_diamond,
          evilmike_mini_pan_doors_b, pan_blood_fountain, rand_demon_9,
          lom_lobon_st, uniq_mennas_pan, grunt_pan_frozen_over,
          pan_blood_fountain_small, evilmike_mini_pan_pillars,
          evilmike_mini_pan_possible_glass, grunt_pan_in_and_out,
          pan_blood_fountain, nicolae_pan_giant_door, nicolae_pan_double_arrow,
          nicolae_pan_strange_glyphs, cerebov_st, enter_ziggurat_pan_b,
          pan_blood_fountain_small, grunt_pan_spiral, pan_surprise,
          mnoleg_grunt, pan_blood_fountain_small, evilmike_mini_pan_3x3,
          nicolae_pan_gloorx_vloqian_1, gloorx_vloq_st
Zig:7:    ziggurat_pillar_centre_c
Zig:10:   ziggurat_pillar_centre_oklobs
Zig:13:   ziggurat_pillar_centre_drop
Zig:15:   ziggurat_pillar_centre_dead_trees
Bailey:   bailey_axe_4, bailey
Volcano:  volcano_tomb

Action                   |  1- 3 |  4- 6 |  7- 9 | 10-12 | 13-15 | 16-18 | 19-21 | 22-24 | 25-27 || total
-------------------------+-------+-------+-------+-------+-------+-------+-------+-------+-------++-------
Melee: Unarmed           |   132 |    62 |       |       |       |       |       |       |       ||   194
       Mace              |       |   104 |       |       |       |       |       |       |       ||   104
       Flail             |       |   108 |   421 |   536 |       |       |       |       |       ||  1065
       Demon whip        |       |       |       |   343 |  1505 |  1697 |  1494 |  2404 |  3764 || 11207
       Sacred scourge    |       |       |       |       |       |       |       |       |  5298 ||  5298
       Eveningstar       |       |       |       |       |       |       |       |       |     6 ||     6
       Staff             |       |       |       |       |       |       |       |       |     2 ||     2
Throw: Throwing net      |       |       |       |     4 |       |       |       |       |       ||     4
       Tomahawk          |       |       |       |     2 |       |       |       |       |       ||     2
 Cast: Regeneration      |       |       |       |       |       |       |     1 |       |    29 ||    30
       Apportation       |       |       |       |       |       |       |       |     2 |     9 ||    11
       Shatter           |       |       |       |       |       |       |       |       |    78 ||    78
       Phase Shift       |       |       |       |       |       |       |       |       |     3 ||     3
       Lehudib's Crystal |       |       |       |       |       |       |       |       |    42 ||    42
       Controlled Blink  |       |       |       |       |       |       |       |       |    11 ||    11
       Aura of Abjuratio |       |       |       |       |       |       |       |       |    11 ||    11
       Deflect Missiles  |       |       |       |       |       |       |       |       |    10 ||    10
       Control Undead    |       |       |       |       |       |       |       |       |     2 ||     2
       Blink             |       |       |       |       |       |       |       |       |     1 ||     1
       Necromutation     |       |       |       |       |       |       |       |       |     1 ||     1
Invok: Slouch            |       |       |       |       |     1 |     3 |     5 |     9 |    14 ||    32
 Abil: Fly               |       |       |       |       |     1 |       |       |       |     1 ||     2
       Stop Flying       |       |       |       |       |       |       |       |       |     1 ||     1
Evoke: Wand              |       |     4 |       |       |       |     4 |       |       |       ||     8
       Deck              |       |       |       |       |       |     1 |       |       |       ||     1
       Phantom mirror    |       |       |       |       |       |       |       |       |     5 ||     5
       Staff of energy   |       |       |       |       |       |       |       |       |     1 ||     1
       Phial of floods   |       |       |       |       |       |       |       |       |     1 ||     1
  Use: Scroll            |       |    12 |     6 |    19 |     8 |    13 |     5 |    13 |    78 ||   154
       Potion            |       |       |       |     4 |       |     1 |     4 |     4 |    35 ||    48
 Stab: Held in net/web   |       |       |       |     1 |       |       |       |       |       ||     1
       Sleeping          |       |       |       |     5 |    12 |     6 |     9 |     9 |     7 ||    48
       Distracted        |       |       |       |       |     3 |     2 |     2 |     6 |    14 ||    27
       Petrified         |       |       |       |       |       |       |       |       |     4 ||     4
  Eat: Chunk             |     1 |     2 |     1 |     1 |     5 |       |     6 |    44 |    26 ||    86
       Meat ration       |       |     1 |     1 |       |       |       |     1 |     2 |     8 ||    13
       Pizza             |       |     1 |       |     8 |       |     3 |       |     4 |     9 ||    25
       Beef jerky        |       |       |       |     2 |     6 |     3 |     3 |       |    13 ||    27
       Royal jelly       |       |       |       |     1 |     1 |       |     3 |     1 |     3 ||     9
       Fruit             |       |       |       |       |       |    18 |     3 |       |    32 ||    53
